Map: Blackburn LE

Players

Has - Winner!

  • Race: Protoss Protoss

黑羽快斗 (ButAlways)

  • Race: Protoss Protoss
  • League: Master

Event: DreamHack SC2 Masters 2021 Summer

VOD

Have the link to the VOD?

Description

Time

  • Played on: May 21, 2021, 9:04 a.m.
  • Length: 7:13

All games in this series

Show
View Real Time Build Order
Export as new Build Order

Has Protoss - Winner!

Build Orders: Oracle Opening 

Get SALT Encoding   

  12  0:00  Probe  
  13  0:12  Probe  
  14  0:20  Pylon  
  14  0:24  Probe (Chrono Boost)  
  15  0:38  Probe (Chrono Boost), Gateway  
  16  0:45  Probe, Assimilator  
  17  0:51  Assimilator  
  17  0:57  Probe (Chrono Boost)  
  18  1:09  Probe (Chrono Boost)  
  19  1:17  Probe (Chrono Boost)  
  20  1:23  Probe  
  20  1:25  Cybernetics Core  
  21  1:29  Pylon  
  21  1:35  Probe  
  22  1:47  Probe  
  22  1:50  Gateway  
  22  1:52  Pylon  
  24  2:02  Adept  
  24  2:06  Stargate  
  25  2:10  Probe  
  25  2:13  Warp Gate  
  26  2:22  Probe  
  27  2:32  Pylon  
  26  2:37  Stalker  
  26  2:39  Stalker  
  30  2:47  Probe  
  31  2:54  Shield Battery  
  31  2:56  Oracle (Chrono Boost)  
  31  3:00  Probe  
  35  3:08  Pylon  
  35  3:22  Stalker x2  
  39  3:30  Probe  
  40  3:36  Shield Battery  
  40  3:46  Robotics Facility  
  38  3:52  Probe  
  39  4:00  Twilight Council  
  39  4:02  Stalker x2  
  40  4:09  Probe  
  41  4:12  Pylon  
  41  4:23  Pylon  
  41  4:28  Blink (Chrono Boost)  
  41  4:44  Pylon  
  41  4:47  Shield Battery  
  41  4:49  Robotics Facility  
  41  4:52  Gateway  
  41  4:55  Probe  
  41  4:56  Stalker  
  44  5:18  Probe  
  44  5:26  Nexus  
  43  5:30  Probe  
  44  5:36  Observer, Stalker  
  44  5:37  Stalker  
  49  5:43  Probe  
  49  5:48  Stalker  
  53  5:59  Observer  
  53  6:00  Pylon  
  53  6:02  Stalker  
  54  6:10  Probe  
  55  6:19  Stalker x2  
  59  6:25  Stalker  
  59  6:31  Probe  
  62  6:39  Probe  
  63  6:43  Probe  
  64  6:51  Shield Battery  
Show
View Real Time Build Order
Export as new Build Order

黑羽快斗 Protoss 

Build Orders: Phoenix Opening 

Get SALT Encoding   

  12  0:00  Probe  
  13  0:12  Probe  
  14  0:17  Pylon  
  14  0:24  Probe (Chrono Boost)  
  15  0:36  Probe (Chrono Boost)  
  15  0:37  Gateway  
  16  0:44  Probe (Chrono Boost)  
  16  0:47  Assimilator  
  17  0:51  Probe  
  18  0:58  Assimilator  
  18  1:03  Probe (Chrono Boost)  
  20  1:12  Probe (Chrono Boost)  
  20  1:15  Gateway  
  20  1:17  Probe (Chrono Boost)  
  21  1:26  Cybernetics Core  
  21  1:29  Probe  
  22  1:37  Pylon  
  22  1:41  Probe  
  23  1:55  Probe  
  24  2:03  Stalker x2  
  24  2:04  Warp Gate  
  29  2:11  Pylon  
  28  2:29  Stargate  
  28  2:38  Stalker  
  28  2:43  Stalker  
  32  2:52  Gateway  
  32  3:01  Pylon  
  32  3:14  Phoenix (Chrono Boost)  
  34  3:24  Pylon  
  34  3:30  Phoenix (Chrono Boost)  
  34  3:50  Phoenix (Chrono Boost)  
  34  3:55  Probe  
  33  4:01  Shield Battery  
  30  4:07  Stalker  
  32  4:13  Pylon  
  32  4:18  Probe  
  33  4:30  Probe  
  34  4:33  Twilight Council  
  34  4:42  Probe  
  35  4:54  Probe  
  38  5:07  Probe  
  39  5:13  Dark Shrine  
  37  5:19  Probe  
  38  5:37  Nexus  
  38  5:45  Shield Battery  
  38  5:54  Stalker x2  
  42  5:59  Pylon  
  42  6:07  Pylon  
  42  6:25  Dark Templar x2  
  42  6:36  Dark Templar  
  38  6:43  Probe  
  39  6:49  Probe  
  40  6:55  Probe  
  40  7:01  Probe  
Tags
 
Add a new tag
Caveats
  • Supply blocks, unpowered buildings, or Contaminate may cause inaccurate times.
  • Supply counts are checked every 10 seconds.